BSA
SO CAL HENVY @ BAFFIN ISLAND BEAVERS
06/02/2026
 
TOP OF THE 1ST
So Cal Henvy batting - Pitching for Baffin Island Beavers : RHP Luis Vargas
Pitching: RHP Luis Vargas
Batting: SHB Miguel González 0-0: Foul Ball, location: 2F
0-1: Foul Ball, location: 2F
0-2: Ball
1-2: Fly out, F3 (Line Drive, 3)
Batting: LHB John Peterson 0-0: Called Strike
0-1: Ball
1-1: SINGLE (Groundball, 34) (infield hit)
Batting: RHB Rubén Calderón 0-0: SINGLE (Line Drive, 7LS)
John Peterson to second
Batting: LHB José Antonio Santiago 0-0: Foul Ball, location: 2F
0-1: Ball
1-1: Ball
2-1: Called Strike
2-2: Ball
3-2: Strikes out swinging
Batting: RHB Earl Wiggins 0-0: Called Strike
0-1: Foul Ball, location: 2F
0-2: Foul Ball, location: 2F
0-2: Ball
1-2: Ball
2-2: SINGLE (Line Drive, 8LS)
John Peterson to third
Rubén Calderón to second
Runner from 3rd tries for Home, SAFE, no throw or cutoff
Batting: LHB Leo Wyeth 0-0: Called Strike
0-1: Swinging Strike
0-2: Ball
1-2: Strikes out swinging
Top of the 1st over - 1 run(s), 3 hit(s), 0 error(s), 2 left on base; So Cal 1 - Baffin Island 0
BOTTOM OF THE 1ST
Baffin Island Beavers batting - Pitching for So Cal Henvy : LHP Tomás Fajardo
Pitching: LHP Tomás Fajardo
Batting: RHB Dave Craig 0-0: Ground out U3 (Groundball, 3S)
Batting: LHB Jeff Cole 0-0: Called Strike
0-1: Called Strike
0-2: Ball
1-2: Strikes out swinging
Batting: SHB Alonso Ferreira 0-0: Ground out 1-3 (Groundball, 15)
Bottom of the 1st over - 0 run(s), 0 hit(s), 0 error(s), 0 left on base; So Cal 1 - Baffin Island 0
TOP OF THE 2ND
So Cal Henvy batting - Pitching for Baffin Island Beavers : RHP Luis Vargas
Batting: RHB Morgan Gibbon 0-0: Ball
1-0: Ball
2-0: Fly out, F3 (Popup, 3SF)
Batting: SHB Ray Burgess 0-0: Foul Ball, location: 2F
0-1: Ball
1-1: Swinging Strike
1-2: Ball
2-2: Ball
3-2: DOUBLE (Groundball, 3L)
Batting: RHB Edouard Padovano 0-0: Called Strike
0-1: Called Strike
0-2: Ball
1-2: Strikes out swinging
Batting: SHB Miguel González 0-0: Called Strike
0-1: Ball
1-1: Ball
2-1: Swinging Strike
2-2: Ground out 3-1 (Groundball, 34)
Top of the 2nd over - 0 run(s), 1 hit(s), 0 error(s), 1 left on base; So Cal 1 - Baffin Island 0
BOTTOM OF THE 2ND
Baffin Island Beavers batting - Pitching for So Cal Henvy : LHP Tomás Fajardo
Batting: RHB Tony Morton 0-0: Ground out 1-3 (Groundball, 13S)
Batting: LHB Chris Bates 0-0: Ball
1-0: Ball
2-0: Ball
3-0: Base on Balls
Batting: LHB Lorenzo Villa 0-0: Called Strike
0-1: Called Strike
0-2: Ball
1-2: Foul Ball, location: 2F
1-2: Ball
2-2: Foul Ball, location: 2F
2-2: Ball
3-2: Base on Balls
Chris Bates to second
Batting: LHB Keng-chi Lao 0-0: Called Strike
0-1: Ball
1-1: Grounds into double play, 4-6-3 (Groundball, 4)
Bottom of the 2nd over - 0 run(s), 0 hit(s), 0 error(s), 1 left on base; So Cal 1 - Baffin Island 0
TOP OF THE 3RD
So Cal Henvy batting - Pitching for Baffin Island Beavers : RHP Luis Vargas
Batting: LHB John Peterson 0-0: Ball
1-0: Called Strike
1-1: Fly out, F9 (Flyball, 9LD)
Batting: RHB Rubén Calderón 0-0: SINGLE (Flyball, 8RS)
Batting: LHB José Antonio Santiago 0-0: Ball
1-0: Ball
2-0: Fielders Choice at 2nd, 4-6 (Groundball, 34)
Batting: RHB Earl Wiggins 0-0: Called Strike
0-1: Ball
1-1: Swinging Strike
1-2: Fly out, F3 (Line Drive, 3S)
Top of the 3rd over - 0 run(s), 1 hit(s), 0 error(s), 1 left on base; So Cal 1 - Baffin Island 0
BOTTOM OF THE 3RD
Baffin Island Beavers batting - Pitching for So Cal Henvy : LHP Tomás Fajardo
Batting: RHB Luis González 0-0: Ball
1-0: Swinging Strike
1-1: Foul Ball, location: 2F
1-2: Ball
2-2: Foul Ball, location: 2F
2-2: Ball
3-2: Strikes out looking
Batting: LHB Mario García 0-0: Called Strike
0-1: Ball
1-1: Ball
2-1: Swinging Strike
2-2: Ground out 6-3 (Groundball, 6)
Batting: RHB Dave Craig 0-0: Foul Ball, location: 2F
0-1: Called Strike
0-2: Ground out 6-3 (Groundball, 6M)
Bottom of the 3rd over - 0 run(s), 0 hit(s), 0 error(s), 0 left on base; So Cal 1 - Baffin Island 0
TOP OF THE 4TH
So Cal Henvy batting - Pitching for Baffin Island Beavers : RHP Luis Vargas
Batting: LHB Leo Wyeth 0-0: Fly out, F9 (Line Drive, 9S)
Batting: RHB Morgan Gibbon 0-0: Ground out 6-3 (Groundball, 56)
Batting: SHB Ray Burgess 0-0: Called Strike
0-1: Swinging Strike
0-2: Ground out 4-3 (Groundball, 4)
Top of the 4th over - 0 run(s), 0 hit(s), 0 error(s), 0 left on base; So Cal 1 - Baffin Island 0
BOTTOM OF THE 4TH
Baffin Island Beavers batting - Pitching for So Cal Henvy : LHP Tomás Fajardo
Batting: LHB Jeff Cole 0-0: Ball
1-0: Swinging Strike
1-1: Foul Ball, location: 2F
1-2: Ball
2-2: Foul Ball, location: 2F
2-2: Strikes out looking
Batting: SHB Alonso Ferreira 0-0: Ball
1-0: Ground out 1-3 (Groundball, 15)
Batting: RHB Tony Morton 0-0: Ball
1-0: Foul Ball, location: 2F
1-1: Swinging Strike
1-2: Foul Ball, location: 2F
1-2: Ball
2-2: Ball
3-2: TRIPLE (Line Drive, 9LS)
Batting: LHB Chris Bates 0-0: Called Strike
0-1: Fly out, F8 (Flyball, 8RXD)
Bottom of the 4th over - 0 run(s), 1 hit(s), 0 error(s), 1 left on base; So Cal 1 - Baffin Island 0
TOP OF THE 5TH
So Cal Henvy batting - Pitching for Baffin Island Beavers : RHP Luis Vargas
Batting: RHB Edouard Padovano 0-0: Called Strike
0-1: DOUBLE (Line Drive, 5D)
Batting: SHB Miguel González 0-0: Called Strike
0-1: Ground out 4-3 (Groundball, 4)
Edouard Padovano to third
Batting: LHB John Peterson 0-0: Called Strike
0-1: Fly out, F8 (Flyball, 8RM)
Runner from 3rd tags up, SCORES, throw made
Batting: RHB Rubén Calderón 0-0: Ball
1-0: Ball
2-0: Fly out, F7 (Line Drive, 7D)
Top of the 5th over - 1 run(s), 1 hit(s), 0 error(s), 0 left on base; So Cal 2 - Baffin Island 0
BOTTOM OF THE 5TH
Baffin Island Beavers batting - Pitching for So Cal Henvy : LHP Tomás Fajardo
Batting: LHB Lorenzo Villa 0-0: Ground out 4-3 (Groundball, 4)
Batting: LHB Keng-chi Lao 0-0: Ball
1-0: DOUBLE (Flyball, 78D)
Batting: RHB Luis González 0-0: Swinging Strike
0-1: Ball
1-1: Ball
2-1: Ball
3-1: Base on Balls
Batting: LHB Mario García 0-0: Called Strike
0-1: Ball
1-1: Ground out 5-3 (Groundball, 56S)
Keng-chi Lao to third
Luis González to second
Batting: RHB Dave Craig 0-0: Ball
1-0: TRIPLE (Groundball, 3L)
Keng-chi Lao scores
Luis González scores
Batting: LHB Jeff Cole 0-0: Ball
1-0: SINGLE (Line Drive, 34D)
Dave Craig scores
Batting: SHB Alonso Ferreira 0-0: Called Strike
0-1: Ball
1-1: Ground out 6-3 (Groundball, 6)
Bottom of the 5th over - 3 run(s), 3 hit(s), 0 error(s), 1 left on base; So Cal 2 - Baffin Island 3
TOP OF THE 6TH
So Cal Henvy batting - Pitching for Baffin Island Beavers : RHP Luis Vargas
Batting: LHB José Antonio Santiago 0-0: Called Strike
0-1: Ball
1-1: Called Strike
1-2: Foul Ball, location: 2F
1-2: Ball
2-2: Ball
3-2: Base on Balls
Batting: RHB Earl Wiggins 0-0: Called Strike
0-1: Ball
1-1: Ball
2-1: SINGLE (Line Drive, 4M)
José Antonio Santiago to second
Batting: LHB Leo Wyeth 0-0: Called Strike
0-1: Ball
1-1: Foul Ball, location: 2F
1-2: Ball
2-2: Foul Ball, location: 2F
2-2: Fly out, F8 (Flyball, 8LM)
Runner from 2nd tags up, SAFE at 3rd with throw
Batting: RHB Morgan Gibbon 0-0: Ball
1-0: Ball
2-0: Ball
3-0: Called Strike
3-1: DOUBLE (Flyball, 8LXD)
José Antonio Santiago scores
Earl Wiggins to third
Batting: SHB Ray Burgess 0-0: Intentional Walk
Pitching: RHP Juan Gonzáles
Batting: RHB Edouard Padovano 0-0: Ball
1-0: Ball
2-0: Ball
3-0: Called Strike
3-1: Base on Balls
Earl Wiggins scores
Morgan Gibbon to third
Ray Burgess to second
Batting: SHB Miguel González 0-0: Grounds into fielders choice 1-2 (Groundball, 25)
Ray Burgess to third
Edouard Padovano to second
Batting: LHB John Peterson 0-0: Ball
1-0: Ball
2-0: Ball
3-0: Called Strike
3-1: Ground out U3 (Groundball, 3S)
Top of the 6th over - 2 run(s), 2 hit(s), 0 error(s), 3 left on base; So Cal 4 - Baffin Island 3
BOTTOM OF THE 6TH
Baffin Island Beavers batting - Pitching for So Cal Henvy : LHP Tomás Fajardo
Batting: RHB Tony Morton 0-0: Ball
1-0: Ball
2-0: Called Strike
2-1: Ball
3-1: Base on Balls
Batting: LHB Chris Bates 0-0: Ball
1-0: Foul Ball, location: 2F
1-1: Ball
2-1: Called Strike
2-2: Ground out U3 (Groundball, 3S)
Tony Morton to second
Batting: LHB Lorenzo Villa 0-0: Ball
1-0: Ground out 4-3 (Groundball, 4)
Tony Morton to third
Batting: LHB Keng-chi Lao 0-0: Ball
1-0: Ground out 1-3 (Groundball, 13)
Bottom of the 6th over - 0 run(s), 0 hit(s), 0 error(s), 1 left on base; So Cal 4 - Baffin Island 3
TOP OF THE 7TH
So Cal Henvy batting - Pitching for Baffin Island Beavers : RHP Juan Gonzáles
Batting: RHB Rubén Calderón 0-0: Ball
1-0: Ball
2-0: Foul Ball, location: 2F
2-1: DOUBLE (Flyball, 78D)
Pitching: LHP José Bamuelos
Batting: LHB José Antonio Santiago 0-0: Ball
1-0: Ball
2-0: Called Strike
2-1: Ball
3-1: Foul Ball, location: 2F
3-2: Foul Ball, location: 2F
3-2: SINGLE (Line Drive, 34)
Rubén Calderón to third
Pitching: RHP António Ramos
Batting: RHB Earl Wiggins 0-0: Called Strike
0-1: Ball
1-1: Foul Ball, location: 2F
1-2: Strikes out looking
Batting: LHB Leo Wyeth 0-0: Ball
1-0: 3-RUN HOME RUN (Line Drive, 9LD), Distance : 388 ft
Pitching: RHP Luis Féliz
Batting: RHB Morgan Gibbon 0-0: Called Strike
0-1: Ball
1-1: DOUBLE (Line Drive, 8RXD)
Batting: SHB Ray Burgess 0-0: Intentional Walk
Batting: RHB Edouard Padovano 0-0: Grounds into double play, 6-4-3 (Groundball, 6)
Top of the 7th over - 3 run(s), 4 hit(s), 0 error(s), 1 left on base; So Cal 7 - Baffin Island 3
BOTTOM OF THE 7TH
Baffin Island Beavers batting - Pitching for So Cal Henvy : LHP Tomás Fajardo
Batting: RHB Luis González 0-0: Called Strike
0-1: Swinging Strike
0-2: Strikes out looking
Batting: LHB Mario García 0-0: Ground out 4-3 (Groundball, 4)
Batting: RHB Dave Craig 0-0: Foul Ball, location: 2F
0-1: Ground out 6-3 (Groundball, 6M)
Bottom of the 7th over - 0 run(s), 0 hit(s), 0 error(s), 0 left on base; So Cal 7 - Baffin Island 3
TOP OF THE 8TH
So Cal Henvy batting - Pitching for Baffin Island Beavers : RHP Luis Féliz
Batting: SHB Miguel González 0-0: Ball
1-0: Foul Ball, location: 2F
1-1: Foul Ball, location: 2F
1-2: Strikes out looking
Batting: LHB John Peterson 0-0: Called Strike
0-1: Ball
1-1: Ball
2-1: Ball
3-1: Base on Balls
Batting: RHB Rubén Calderón 0-0: Ball
1-0: Called Strike
1-1: Ball
2-1: Grounds into double play, 6-4-3 (Groundball, 6)
Top of the 8th over - 0 run(s), 0 hit(s), 0 error(s), 0 left on base; So Cal 7 - Baffin Island 3
BOTTOM OF THE 8TH
Baffin Island Beavers batting - Pitching for So Cal Henvy : LHP Tomás Fajardo
Pitching: RHP Jerry Good
Batting: LHB Jeff Cole 0-0: Ball
1-0: Foul Ball, location: 2F
1-1: Swinging Strike
1-2: Foul Ball, location: 2F
1-2: Strikes out swinging
Batting: SHB Alonso Ferreira 0-0: Called Strike
0-1: Foul Ball, location: 2F
0-2: Ball
1-2: Foul Ball, location: 2F
1-2: Foul Ball, location: 2F
1-2: Foul Ball, location: 2F
1-2: Fly out, F7 (Flyball, 7M)
Batting: RHB Tony Morton 0-0: Ground out 4-3 (Groundball, 4MS)
Bottom of the 8th over - 0 run(s), 0 hit(s), 0 error(s), 0 left on base; So Cal 7 - Baffin Island 3
TOP OF THE 9TH
So Cal Henvy batting - Pitching for Baffin Island Beavers : RHP Luis Féliz
Batting: LHB José Antonio Santiago 0-0: Swinging Strike
0-1: Swinging Strike
0-2: Ball
1-2: Strikes out swinging
Batting: RHB Earl Wiggins 0-0: Called Strike
0-1: Ball
1-1: Foul Ball, location: 2F
1-2: Foul Ball, location: 2F
1-2: Strikes out looking
Batting: LHB Leo Wyeth 0-0: Called Strike
0-1: Foul Ball, location: 2F
0-2: Foul Ball, location: 2F
0-2: Strikes out looking
Top of the 9th over - 0 run(s), 0 hit(s), 0 error(s), 0 left on base; So Cal 7 - Baffin Island 3
BOTTOM OF THE 9TH
Baffin Island Beavers batting - Pitching for So Cal Henvy : RHP Jerry Good
Batting: LHB Chris Bates 0-0: Called Strike
0-1: Foul Ball, location: 2F
0-2: Foul Ball, location: 2F
0-2: Foul Ball, location: 2F
0-2: Ball
1-2: Foul Ball, location: 2F
1-2: Ball
2-2: Foul Ball, location: 2F
2-2: Foul Ball, location: 2F
2-2: Fly out, F8 (Flyball, 8LXD)
Batting: LHB Lorenzo Villa 0-0: Ball
1-0: Ball
2-0: Ball
3-0: Called Strike
3-1: Called Strike
3-2: SINGLE (Line Drive, 4D)
Batting: LHB Keng-chi Lao 0-0: Ball
1-0: Swinging Strike
1-1: DOUBLE (Line Drive, 89XD)
Lorenzo Villa to third
Runner from 3rd tries for Home, SAFE, throw made home
Pitching: RHP Juan Flores
Batting: RHB Luis González 0-0: Ball
1-0: Ground out 6-3 (Groundball, 6)
Keng-chi Lao to third
Batting: LHB Mario García 0-0: Called Strike
0-1: Swinging Strike
0-2: Strikes out looking
Bottom of the 9th over - 1 run(s), 2 hit(s), 0 error(s), 1 left on base; So Cal 7 - Baffin Island 4
Monday, December 5th, 2016 - OOTP Baseball 17.12 Build 75